 Dungeon Crawl Stone Soup version 0.21.1-1-g345015f (webtiles) character file.

872 shakethe the Chopper (level 8, -4/59 HPs)
             Began as a Formicid Abyssal Knight on Feb 7, 2018.
             Was a Priest of Lugonu.
             Slain by an ogre
             ... wielding a +0 giant club
              (10 damage)
             ... on level 5 of the Dungeon.
             The game lasted 00:11:12 (5106 turns).

shakethe the Chopper (Formicid Abyssal Knight)      Turns: 5106, Time: 00:11:13

Health: -4/59      AC: 11    Str: 18    XL:     8   Next: 24%
Magic:  13/13      EV:  5    Int: 11    God:    Lugonu [***...]
Gold:   195        SH:  0    Dex: 12    Spells: 7/7 levels left

rFire    . . .     SeeInvis +   a - +1 hand axe
rCold    . . .     Gourm    .   (no shield)
rNeg     . . .     Faith    +   w - +0 plate armour
rPois    +         Spirit   .   (helmet unavailable)
rElec    .         Reflect  .   (no cloak)
rCorr    .         Harm     .   (no gloves)
MR       .....                  (no boots)
Stlth    ..........             m - amulet of faith
HPRegen  0.19/turn              r - ring of poison resistance
MPRegen  0.13/turn              (no ring)

@: starving
A: permanent stasis, dig shafts and tunnels, four strong arms, antennae 3
a: Dig, Shaft Self, Depart the Abyss, Bend Space, Banish, Renounce Religion


You were on level 5 of the Dungeon.
You worshipped Lugonu.
Lugonu was most pleased with you.
You were starving.

You visited 1 branch of the dungeon, and saw 6 of its levels.
You visited the Abyss 1 time.

You collected 195 gold pieces.

Inventory:

Hand Weapons
 a - a +1 hand axe (weapon)
 j - a +1 mace of holy wrath
 y - a cursed -2 flail
Missiles
 A - 5 tomahawks (quivered)
Armour
 b - a +0 leather armour
 d - a +0 ring mail
 i - a +0 chain mail
 w - a +0 plate armour (worn)
 x - a cursed -1 ring mail
Jewellery
 m - an amulet of faith (around neck)
 r - a ring of poison resistance (left hand)
Wands
 B - a wand of random effects (15)
Scrolls
 e - 3 scrolls of teleportation {unknown}
 g - 3 scrolls of fog {unknown}
 l - 2 scrolls of enchant weapon {unknown}
 q - a scroll of fear {unknown}
 s - 2 scrolls of remove curse {unknown}
 v - a scroll of random uselessness {unknown}
 C - a scroll of identify {unknown}
 D - a scroll of blinking {unknown}
Potions
 f - 2 potions of berserk rage {unknown}
 h - a potion of magic {unknown}
 k - 2 potions of heal wounds {unknown}
 n - a potion of ambrosia {unknown}
 o - 2 potions of agility {unknown}
 p - 2 potions of brilliance {unknown}
 t - 2 potions of curing {unknown}
 u - 2 potions of degeneration {unknown}
 z - 2 potions of flight {unknown}
Comestibles
 c - 10 rations


   Skills:
 - Level 3.6 Fighting
 + Level 7.1 Axes
 - Level 2.2 Armour
 - Level 0.9 Dodging
 - Level 0.2 Stealth
 * Level 6.6 Invocations


You had 7 spell levels left.
You didn't know any spells.

Dungeon Overview and Level Annotations

Branches:
Dungeon (6/15)
 Temple: D:4-7

Altars:
Elyvilon
Fedhas
Hepliaklqana
Okawaru
Wu Jian
Xom
The Shining One

Shops:
D:4 (


Innate Abilities, Weirdness & Mutations

You cannot be hasted, slowed, berserked, paralysed or teleported.
You can dig through walls and to a lower floor.
Your four strong arms can wield two-handed weapons with a shield.
You have a pair of large antennae on your head. (SInv)


Message History

You hit the ogre but do no damage.
The ogre is heavily wounded.
You are starving!
The ogre closely misses you.
You hit the ogre but do no damage.
The ogre is heavily wounded.
The ogre hits you with a giant club.
Your plate armour prevents you from hitting the ogre.
The ogre is heavily wounded.
You hit the ogre but do no damage.
The ogre is heavily wounded.
The ogre hits you with a giant club!
You hit the ogre.
The ogre is heavily wounded.
The ogre hits you with a giant club!!
* * * LOW HITPOINT WARNING * * *
Your plate armour prevents you from hitting the ogre.
The ogre is heavily wounded.
The ogre hits you with a giant club!
You die...

#.#.##
#....#
#..#
###..#
#..# #
##.# #..#
# #.# #..#
####.#
#>.#
.....#
#..#
####.####
#..#######
........#
#.@O......
#####.#.#
##.#######
#...# #.#
##..# #.#
#..# #.#
##.## #.#
#..# #.#
#..## #.#
#...# #.#


You could see an ogre.

Vanquished Creatures
  The ghost of Goblin1989 the Chopper, an amateur DsMo of Gozag (D:5)
  A phantom (D:4)
  2 scorpions
  A howler monkey (D:4)
  2 crimson imps (D:5)
  2 orc priests (D:4)
  A bullfrog skeleton (D:4)
  Ijyb (D:5)
  An iguana (D:4)
  4 worker ants (D:4)
  An orc wizard (D:3)
  Robin (D:3)
  3 gnolls (D:4)
  6 adders
  An ufetubus (Abyss:1)
  An adder skeleton (D:4)
  A leopard gecko (D:2)
  14 orcs
  3 ball pythons
  9 bats
  3 giant cockroaches
  8 goblins
  13 hobgoblins
  4 jackals (D:1)
  8 kobolds
  A quokka (D:2)
  A ball python skeleton (D:4)
  3 frilled lizards
  2 rats (D:3)
99 creatures vanquished.

Notes
Turn   | Place    | Note
-------+----------+-------------------------------------------
     0 | Abyss:1  | shakethe the Formicid Abyssal Knight began the quest for the Orb.
     0 | Abyss:1  | Reached XP level 1. HP: 18/18 MP: 2/2
    94 | Abyss:1  | Noticed a smoke demon
   103 | Abyss:1  | Noticed a small abomination
   196 | Abyss:1  | Noticed a sixfirhy
   198 | D:1      | Escaped the Abyss
   205 | D:1      | Reached XP level 2. HP: 24/24 MP: 1/3
   539 | D:1      | Reached XP level 3. HP: 26/29 MP: 4/4
   576 | D:1      | Reached * piety under Lugonu
   816 | D:1      | Reached skill level 3 in Axes
  1022 | D:2      | Reached XP level 4. HP: 32/36 MP: 5/5
  1205 | D:2      | Found a shimmering altar of Xom.
  1420 | D:3      | Reached ** piety under Lugonu
  1646 | D:3      | Found a glowing golden altar of the Shining One.
  1646 | D:3      | Found a white marble altar of Elyvilon.
  1652 | D:3      | Found a blossoming altar of Fedhas.
  1655 | D:3      | Found an ornate altar of the Wu Jian Council.
  1656 | D:3      | Found an iron altar of Okawaru.
  1657 | D:3      | Found a hazy altar of Hepliaklqana.
  1800 | D:3      | Reached skill level 4 in Axes
  1935 | D:3      | Noticed Robin
  1951 | D:3      | Reached XP level 5. HP: 24/41 MP: 7/7
  1964 | D:3      | Killed Robin
  2278 | D:4      | Reached *** piety under Lugonu
  2304 | D:4      | Reached skill level 5 in Axes
  2304 | D:4      | Reached XP level 6. HP: 25/47 MP: 8/8
  2829 | D:4      | Noticed a phantom
  3304 | D:4      | Reached XP level 7. HP: 19/52 MP: 10/10
  3310 | D:4      | Reached skill level 6 in Axes
  3806 | D:4      | Found Keliub's Antique Weapon Shop.
  4113 | D:4      | Reached skill level 5 in Invocations
  4516 | D:5      | Entered Level 5 of the Dungeon
  4659 | D:5      | Noticed Ijyb
  4690 | D:5      | Killed Ijyb
  4744 | D:5      | Reached XP level 8. HP: 37/59 MP: 12/12
  4764 | D:5      | Noticed Goblin1989's ghost (amateur DsMo)
  4941 | D:5      | Killed Goblin1989's ghost
  4941 | D:5      | Reached skill level 7 in Axes
  5106 | D:5      | Slain by an ogre

Skill      XL: |  1  2  3  4  5  6  7  8 |
---------------+-------------------------+-----
Axes           | 3 4 5 6 7 |  7.1
Invocations    | 3 4 6 |  6.6
Fighting       | |  3.6
Armour         | |  2.2
Dodging        | |  0.9
Stealth        | |  0.2

Action                   |  1- 3 |  4- 6 |  7- 9 || total
-------------------------+-------+-------+-------++-------
Melee: Hand axe          |   114 |   228 |   188 ||   530
Invok: Depart the Abyss  |     1 |       |       ||     1
  Eat: Chunk             |       |     8 |     4 ||    12
Armor: Leather armour    |    18 |       |       ||    18
       Chain mail        |    66 |    87 |       ||   153
       Plate armour      |       |    59 |    93 ||   152
Dodge: Dodged            |    77 |    62 |    37 ||   176
